 Dungeon Crawl Stone Soup version 0.31.0-11-ge490571c62 (webtiles) character file.

Game seed: 15802714492720662204

5184 olmar the Grappler (level 10, -5/71 HPs)
             Began as a Demigod Shapeshifter on Feb 6, 2024.
             Slain by a skeletal warrior
             ... wielding a +0 short sword
              (21 damage)
             ... on level 9 of the Dungeon on Feb 7, 2024.
             The game lasted 00:20:38 (13477 turns).

olmar the Grappler (Demigod Shapeshifter)          Turns: 13477, Time: 00:20:39

Health: -5/71      AC: 13    Str: 27    XL:     10   Next: 12%
Magic:  22/22      EV: 24    Int: 12    God:
Gold:   554        SH:  0    Dex: 13    Spells: 8/9 levels left

rFire   . .          .
                       - Unarmed
rCold   . . .        (no shield)
rNeg    . . .        P - +5 chain mail "Hunwadgh" {rElec Will- Regen+}
rPois   +            (helmet currently unavailable)
rElec   +            (cloak currently unavailable)
rCorr   .            (gloves currently unavailable)
SInv    .            (boots currently unavailable)
Will    .....        t - amulet of the acrobat Stlth
                     i - ring of poison resistance
HPRegen 1.11/turn    n - ring of magical power
MPRegen 0.18/turn

%: acrobat
@: about to teleport, beast-form, acrobatic
A: beast (slay +3), high MP 1, forlorn, divine attributes
a: Begin Untransformation


You were on level 9 of the Dungeon.
You were a hulking beast.
You visited 1 branch of the dungeon, and saw 10 of its levels.
You also visited: Ossuary.

You collected 554 gold pieces.

Inventory:

Hand Weapons
 x - a +0 short sword of venom
 Q - the +8 hand axe of Ginkupek {freeze, Dex+2}
   (You found it on level 9 of the Dungeon)

   Dex+2:     It affects your dexterity (+2).
Missiles
 f - a boomerang (quivered)
 o - 4 javelins
 s - 8 poisoned darts
 I - 2 throwing nets
 M - a datura-tipped dart
Armour
 a - a +0 animal skin
 h - a scarf of harm
 p - a +0 cloak
 q - a +0 helmet
 r - an orb of mayhem
 z - a +2 pair of gloves
 F - a +0 robe of positive energy
 P - the +5 chain mail "Hunwadgh" (worn) {rElec Will- Regen+}
   (You found it on level 6 of the Dungeon)

   rElec:     It insulates you from electricity.
   Will-:     It decreases your willpower.
   Regen+:    It increases your rate of health regeneration.
Jewellery
 b - a ring of flight
 i - a ring of poison resistance (left hand)
 n - a ring of magical power (right hand)
 t - an amulet of the acrobat (around neck)
Talismans
 c - a beast talisman
 d - a flux talisman
Wands
 m - a wand of light (1)
 w - a wand of polymorph (4)
 B - a wand of digging (5)
 G - a wand of flame (50)
 O - a wand of iceblast (3)
Scrolls
 j - 3 scrolls of teleportation
 k - 3 scrolls of enchant armour
 l - 2 scrolls of vulnerability
 u - 2 scrolls of fog
 y - a scroll of brand weapon
 A - a scroll of poison {unknown}
 E - a scroll of enchant weapon {unknown}
 H - a scroll of noise
 J - a scroll of immolation {unknown}
 N - a scroll of revelation {unknown}
Potions
 e - 5 potions of curing
 g - a potion of attraction
 v - 6 potions of enlightenment
 C - 2 potions of haste
 D - a potion of brilliance
 K - a potion of magic {unknown}
 L - a potion of might {unknown}


   Skills:
 - Level 1.0 Fighting
 - Level 0.1 Throwing
 - Level 2.4 Dodging
 - Level 0.4 Stealth
 + Level 12.7 Unarmed Combat
 - Level 0.5 Evocations
 + Level 6.2 Shapeshifting


You had 8 spell levels left.
You knew the following spells:

 Your Spells              Type           Power      Damage    Failure   Level
a - Summon Small Mammal   Summ           0%         N/A       87%         1

Your spell library contained the following spells:

 Spells                   Type           Power      Damage    Failure   Level
 Slow                     Hex            0%         N/A       87%         1
 Cigotuvi's Dreadful Rot  Necr/Alch/Air  0%         N/A       95%         2
 Call Canine Familiar     Summ           0%         N/A       99%         3
 Confusing Touch          Hex            0%         N/A       99%         3
 Inner Flame              Hex/Fire       0%         N/A       99%         3
 Sigil of Binding         Hex            0%         N/A       99%         3
 Vampiric Draining        Necr           0%         2d6       99%         3
 Dispel Undead            Necr           0%         3d6       100%        4
 Martyr's Knell           Necr/Summ      0%         N/A       100%        4
 Summon Blazeheart Golem  Fire/Summ      0%         N/A       100%        4
 Irradiate                Conj/Alch      0%         3d11      100%        5
 Death Channel            Necr           0%         N/A       100%        6
 Ignition                 Fire           0%         3d3       100%        8


Dungeon Overview and Level Annotations

Branches:
Dungeon (10/15)            Temple (0/1) D:4            Lair (0/5) D:10
Ossuary (visited)
    Orc: D:9-12

Shops:
D:5 :

Annotations:
D:3 1 runed translucent door, Crazy Yiuf


Innate Abilities, Weirdness & Mutations

You are a hulking beast.
Your limbs bulge with bestial killing power. (Slay +3)
You have an increased reservoir of magic. (+10% MP)
You shall have no god before yourself.
Your divine heritage dramatically boosts your attributes as you level up.


Message History

Unknown command.
You throw a boomerang.
The boomerang closely misses the skeletal warrior.
The yak bellows! x2; You hear a bellow! x2
A yak comes into view.
A death yak comes into view.
Unknown command.
The yak bellows!
The skeletal warrior barely misses you.
You climb upwards.
There is a stone staircase leading down here.
Unknown command.
You see here a +0 mace.
You see here the +8 hand axe of Ginkupek {freeze, Dex+2}.
Q - the +8 hand axe of Ginkupek {freeze, Dex+2}
There is a stone staircase leading down here.
You climb downwards.
There is a stone staircase leading up here.
Unknown command.
Unknown command.
Unknown command.
Unknown command.
Unknown command.
Unknown command.
The skeletal warrior hits you but does no damage.
The skeletal warrior hits you with a +0 long sword!!
You climb upwards.
There is a stone staircase leading down here.
Unknown command.
Unknown command.
As you read the scroll of teleportation, it crumbles to dust.
You feel strangely unstable.
The skeletal warrior hits you with a +0 short sword!
The skeletal warrior hits you with a +0 long sword!
The skeletal warrior attacks as it pursues you!
The skeletal warrior hits you with a +0 long sword!!
* * * LOW HITPOINT WARNING * * *
The skeletal warrior attacks as it pursues you!
The skeletal warrior closely misses you.
The skeletal warrior hits you with a +0 short sword!!
You die...

[......# #..<##..................
.......###...#..............#....
.......#.....))).##############..
................)# ###
.........####...## ....(..###
##..## .....### ##...## ....##
#.>z..# ####### ...## #..zh.###
#...... ..## ##..##...####
#...... .##
#..####.....#####...## .# ##.##
#..#........### .# #.##
##.######..## .# ##.# #.# #### ##
##.## #.# #.## #.# ### ###


You could see 2 skeletal warriors.

Vanquished Creatures
  A troll (D:9)
  Grinder (D:4)
  5 yaks
  Duvessa (D:5)
  2 water moccasins (D:7)
  An ice beast (D:6)
  3 orc warriors
  3 sky beasts
  A swamp drake (D:6)
  5 centaurs
  A kobold brigand (D:7)
  3 elf zombies (Ossuary)
  2 bullfrogs (D:6)
  2 scorpions
  7 wights
  Dowan (D:5)
  6 killer bees
  4 howler monkeys
  A centaur zombie (Ossuary)
  3 hounds (D:5)
  2 bombardier beetles
  4 jellies
  6 orc priests
  3 iguanas
  2 sleepcaps
  10 orc wizards
  2 hound zombies (Ossuary)
  2 mummies (Ossuary)
  7 gnolls
  14 adders
  A white imp (D:8)
  7 adder zombies
  2 dart slugs
  3 ribbon worms
  25 orcs
  3 bats
  6 endoplasms
  5 giant cockroaches
  6 gnoll zombies (Ossuary)
  3 goblins
  6 hobgoblins
  7 jackals
  3 kobolds (D:7)
  5 quokkas
  5 ball pythons
  A ball python zombie (D:3)
  6 frilled lizards
  2 goblin zombies (D:5)
  3 jackal zombies (Ossuary)
  9 kobold zombies (Ossuary)
  7 orc zombies (Ossuary)
  A quokka zombie (D:3)
  8 rats
229 creatures vanquished.

Notes
Turn   | Place    | Note
-------+----------+-------------------------------------------
     0 | D:1      | olmar the Demigod Shapeshifter began the quest for the Orb.
     0 | D:1      | Reached XP level 1. HP: 15/15 MP: 3/3
   169 | D:1      | Reached XP level 2. HP: 17/22 MP: 4/4
   473 | D:1      | Reached skill level 3 in Unarmed Combat
   854 | D:2      | Reached XP level 3. HP: 25/27 MP: 5/5
  1670 | D:3      | Reached skill level 1 in Fighting
  1751 | D:3      | Reached XP level 4. HP: 29/35 MP: 6/6
  1947 | D:3      | Reached skill level 4 in Unarmed Combat
  2242 | D:3      | Found a runed translucent door.
  2243 | D:3      | Noticed Crazy Yiuf
  2726 | D:4      | Found a staircase to the Ecumenical Temple.
  3180 | D:4      | Noticed Grinder
  3193 | D:4      | Killed Grinder
  3194 | D:4      | Reached skill level 5 in Unarmed Combat
  3194 | D:4      | Reached XP level 5. HP: 30/40 MP: 7/7
  3194 | D:4      | Reached XP level 6. HP: 36/47 MP: 8/8
  3906 | D:5      | Entered Level 5 of the Dungeon
  3923 | D:5      | Reached skill level 6 in Unarmed Combat
  3987 | D:5      | Noticed Duvessa
  3987 | D:5      | Noticed Dowan
  4165 | D:5      | Reached XP level 7. HP: 27/52 MP: 9/9
  4498 | D:5      | Found a sand-covered staircase.
  4509 | Ossuary  | Entered an ossuary
  4669 | Ossuary  | Reached skill level 7 in Unarmed Combat
  5287 | D:5      | Found Tuolosej's Book Shoppe.
  5435 | D:5      | Killed Dowan
  5436 | D:5      | Killed Duvessa
  5437 | D:5      | Reached skill level 8 in Unarmed Combat
  5823 | D:5      | Reached XP level 8. HP: 59/59 MP: 10/10
  6894 | D:6      | Reached skill level 9 in Unarmed Combat
  7082 | D:6      | Learned a level 1 spell: Summon Small Mammal
  7226 | D:6      | Reached skill level 5 in Shapeshifting
  7660 | D:6      | Identified the +5 chain mail "Hunwadgh" {rElec Will-
                  | Regen+}
  7929 | D:7      | Reached skill level 10 in Unarmed Combat
  8599 | D:7      | Reached XP level 9. HP: 64/64 MP: 11/11
  9375 | D:8      | Reached skill level 11 in Unarmed Combat
 10872 | D:9      | Identified the +8 hand axe of Ginkupek {freeze, Dex+2}
 11121 | D:9      | Reached skill level 12 in Unarmed Combat
 11913 | D:9      | Reached XP level 10. HP: 30/71 MP: 13/13
 12979 | D:10     | Entered Level 10 of the Dungeon
 13046 | D:10     | Noticed a two-headed ogre
 13046 | D:10     | Noticed a skeletal warrior
 13418 | D:10     | Noticed a death yak
 13418 | D:10     | Noticed a death yak
 13418 | D:10     | Noticed a skeletal warrior
 13418 | D:10     | Found a staircase to the Lair.
 13420 | D:10     | Noticed a death yak
 13421 | D:10     | Noticed a skeletal warrior
 13421 | D:10     | Noticed a two-headed ogre
 13477 | D:9      | Slain by a skeletal warrior

Illustrated notes

Levels and vault maps discovered:
D:1:      eino_arrival_water_star, layout_loops_ring, basic_ecumenical_altar
D:2:      minmay_diamond_boxcup, layout_basic, solitary_fountain, moated_statue,
          minmay_misc_feat_columns, chequers_serial_rivers_room_b,
          minmay_misc_feat_iff
D:3:      layout_basic, nicolae_yredelemnul_corpse_copse,
          mainiacjoe_overflow_alcove_1, chequers_serial_rivers_marsh,
          uniq_crazy_yiuf_cottage
D:4:      layout_loops_ring, minmay_temple_entry_large_hall, uniq_grinder
D:5:      layout_layer_cave, lemuel_coloured_pillars_altar, serial_shops, shop,
          enter_ossuary_4, uniq_duvessa
D:6:      layout_basic, kennysheep_mini_moat, minitemple,
          minmay_misc_feat_encased, kennysheep_path_1, nicolae_half_adder
D:7:      layout_basic, amcnicky_altar_gilded
D:8:      layout_gridville, general_overflow_altar
D:9:      layout_layer_cave, gammafunk_temple_overflow_elements
D:10:     layout_cave_pools, fedhas_altar_4, dpeg_lair_monsters, minivault_25

Skill      XL: |  1  2  3  4  5  6  7  8  9 |
---------------+----------------------------+-----
Shapeshifting  | 3 4 5 6 |  6.2
Dodging        | 2 |  2.4
Unarmed Combat | 3 5 6 8 10 12 | 12.7
Fighting       | 1 |  1.0
Throwing       | |  0.1
Stealth        | |  0.4
Evocations     | |  0.5

Action                     |  1- 3 |  4- 6 |  7- 9 | 10-12 || total
---------------------------+-------+-------+-------+-------++-------
  Melee: Unarmed           |   145 |   149 |   437 |    22 ||   753
         Punch             |     1 |     5 |    28 |     1 ||    35
  Throw: Boomerang         |       |    11 |    41 |     6 ||    58
         Dart              |       |       |    12 |     4 ||    16
         Throwing net      |       |       |     2 |       ||     2
  Evoke: Wand              |       |     2 |     7 |       ||     9
    Use: Potion            |     1 |     1 |     6 |       ||     8
         Scroll            |     3 |     3 |     8 |     2 ||    16
   Stab: Sleeping          |     5 |     1 |       |       ||     6
         Invisible         |       |       |     3 |       ||     3
         Held in net/web   |       |       |     1 |       ||     1
 Armour: Animal skin       |    48 |    78 |   145 |       ||   271
         Skin              |       |     8 |       |       ||     8
         Robe              |       |       |   109 |    14 ||   123
         Chain mail        |       |       |       |     6 ||     6
  Dodge: Dodged            |    77 |    82 |   337 |    20 ||   516
